 Dungeon Crawl Stone Soup version 0.30.1-4-g462c640d31 (webtiles) character file.

Game seed: 3982109718085001362

23 H0rd4k the Charlatan (level 2, -2/18 HPs)
             Began as an Octopode Artificer on Sept 12, 2023.
             Slain by a hobgoblin (3 damage)
             ... on level 3 of the Dungeon.
             The game lasted 00:01:09 (1033 turns).

H0rd4k the Charlatan (Octopode Artificer)           Turns: 1033, Time: 00:01:09

Health: -2/18      AC:  1    Str: 11    XL:     2   Next: 95%
Magic:  2/2        EV: 13    Int: 13    God:
Gold:   23         SH:  0    Dex: 12    Spells: 1/1 levels left

rFire   . . .        (no weapon)
rCold   . . .        (no shield)
rNeg    . . .        (helmet restricted)
rPois   .            (no amulet)
rElec   .            (no ring)
rCorr   .            (no ring)
SInv    .            (no ring)
Will    .....        (no ring)
Stlth   +++          (no ring)
HPRegen 0.23/turn    (no ring)
MPRegen 0.08/turn    (no ring)
                     (no ring)

%: no passive effects
@: no status effects
A: almost no armour, amphibious, 8 rings, camouflage 1, gelatinous body 1,
(nimble swimmer 1), tentacles
a: no special abilities


You were on level 3 of the Dungeon.
You visited 1 branch of the dungeon, and saw 3 of its levels.

You collected 23 gold pieces.

Inventory:

Wands
 b - a wand of flame (15) (quivered)
 c - a wand of charming (15)
 d - a wand of iceblast (5)
Scrolls
 h - a scroll of identify {unknown}
 i - a scroll of butterflies {unknown}
 j - a scroll of fear {unknown}
 l - 2 scrolls of immolation {unknown}
Potions
 a - 2 potions of curing {unknown}
 e - 3 potions of flight {unknown}
 f - a potion of haste {unknown}
 g - a potion of cancellation {unknown}
 k - a potion of berserk rage {unknown}


   Skills:
 + Level 1.0 Fighting
 + Level 2.7 Dodging
 - Level 1.3 Stealth
 + Level 4.2 Evocations


You had one spell level left.
You didn't know any spells.
Your spell library contained the following spells:

 Spells                   Type           Power      Damage    Failure   Level
 Apportation              Tloc           0%         N/A       30%         1
 Beastly Appendage        Tmut           0%         N/A       30%         1
 Necrotise                Necr           0%         1d4       30%         1
 Summon Small Mammal      Summ           0%         N/A       30%         1
 Static Discharge         Conj/Air       0%         2-2/arc   43%         2
 Wereblood                Tmut           0%         N/A       43%         2
 Spider Form              Tmut/Pois      0%         N/A       67%         3
 Airstrike                Air            0%         2d(0-16)  97%         4
 Summon Lightning Spire   Summ/Air       0%         N/A       97%         4


Dungeon Overview and Level Annotations

Branches:
Dungeon (3/15)

Altars:


Innate Abilities, Weirdness & Mutations

You cannot wear most types of armour.
You are amphibious.
You can wear up to eight rings at the same time.
Your skin changes colour to match your surroundings (Stealth+).
Your rubbery body absorbs attacks. (AC +1, EV +1)
((You are camouflaged when in or above water. (Stealth+)))
You have tentacles for arms and can constrict up to eight enemies at once.


Message History

The jackal is almost dead.
The jackal misses you.
You tentacle-slap the jackal but do no damage.
Your grab misses the jackal.
The jackal is almost dead.
The jackal completely misses you. The jackal barely misses you.
You tentacle-slap the jackal but do no damage.
Your grab misses the jackal.
The jackal is almost dead.
The jackal closely misses you.
You closely miss the jackal. You grab the jackal.
The jackal is almost dead.
You constrict the jackal.
You kill the jackal!
You tentacle-slap the jackal but do no damage.
Your grab misses the jackal. The jackal bites you. x2
You closely miss the jackal. Your grab misses the jackal.
The jackal barely misses you.
You tentacle-slap the jackal but do no damage.
You grab the jackal. You constrict the jackal. The jackal bites you.
* * * LOW HITPOINT WARNING * * *
The jackal barely misses you.
You tentacle-slap the jackal.
The jackal is heavily wounded.
You constrict the jackal, but do no damage.
The jackal closely misses you.
You tentacle-slap the jackal but do no damage.
The jackal is heavily wounded.
You constrict the jackal. The jackal barely misses you.
You tentacle-slap the jackal but do no damage.
You squeeze the jackal.
You kill the jackal!
You tentacle-slap the hobgoblin but do no damage.
You grab the hobgoblin.
You constrict the hobgoblin, but do no damage.
The hobgoblin hits you.
* * * LOW HITPOINT WARNING * * *
You tentacle-slap the hobgoblin but do no damage.
You constrict the hobgoblin. The hobgoblin hits you.
You die...

######## ##
#....... .#
#.#...>## .#
#.......### .#
#.........##.######
#.....<.#.g@.....).
#.#....#####.######
#....... .#
###...#.# ## ##.#
.# ## .# .# ..


You could see a hobgoblin.

Vanquished Creatures
  A dart slug (D:1)
  4 endoplasms
  A goblin (D:2)
  A hobgoblin (D:1)
  3 jackals
  5 kobolds
  A quokka (D:1)
  A ball python (D:1)
  A frilled lizard (D:2)
18 creatures vanquished.

Notes
Turn   | Place    | Note
-------+----------+-------------------------------------------
     0 | D:1      | H0rd4k the Octopode Artificer began the quest for the Orb.
     0 | D:1      | Reached XP level 1. HP: 13/13 MP: 1/1
   474 | D:1      | Reached XP level 2. HP: 17/18 MP: 2/2
   891 | D:2      | Reached skill level 4 in Evocations
  1033 | D:3      | Slain by a hobgoblin

Illustrated notes

Levels and vault maps discovered:
D:1:      arrival_zaba_pyramid, layout_basic
D:2:      layout_rooms
D:3:      layout_loops_cross, nicolae_overflow_ecumenical_swirl, serial_shops,
          nicolae_book_shop_shelving, gammafunk_ghost_stat_death

Skill      XL: |  1  2 |
---------------+-------+-----
Evocations     | 4 |  4.2
Fighting       | |  1.0
Dodging        | |  2.7
Stealth        | |  1.3

Action                     || total
---------------------------++-------
  Melee: Unarmed           ||    59
         Tentacles         ||    14
         Constrict         ||    13
         Punch             ||     2
   Stab: Sleeping          ||     4
 Armour: Skin              ||     8
  Dodge: Dodged            ||    32
